Map: Ulrena

Players

PETAVER - Winner!

  • Race: Zerg Zerg
  • League: Silver

LilDicky

  • Race: Terran Terran
  • League: Diamond

VOD

http://www.twitch.tv/tumescentpie

Description

Time

  • Played on: Jan. 3, 2016, 4:16 p.m.
  • Length: 4:41
Show
View Real Time Build Order
Export as new Build Order

PETAVER Zerg - Winner!

Build Orders: Hatch First 

Get SALT Encoding   

  12  0:01  Drone  
  13  0:13  Overlord  
  13  0:17  Drone  
  14  0:33  Drone x2  
  16  0:36  Drone  
  17  0:55  Hatchery  
  17  0:56  Drone  
  17  1:11  Spawning Pool  
  16  1:12  Drone  
  16  1:16  Extractor  
  16  1:18  Drone  
  17  1:27  Drone  
  18  1:35  Overlord  
  18  1:43  Drone  
  19  1:56  Drone  
  19  1:59  Queen  
  22  2:02  Drone  
  22  2:07  Queen  
  25  2:09  Zergling x2  
  25  2:13  Drone  
  27  2:18  Metabolic Boost  
  27  2:20  Drone  
  28  2:27  Drone  
  29  2:30  Drone  
  29  2:35  Roach Warren, Drone  
  30  2:39  Extractor  
  29  2:45  Drone  
  29  2:46  Drone  
  29  2:50  Drone  
  32  2:55  Overlord  
  32  3:01  Overlord  
  32  3:06  Overlord  
  32  3:20  Roach x5  
  32  3:22  Roach  
  32  3:25  Roach  
  45  3:30  Roach  
  47  3:35  Roach  
  47  3:40  Roach  
  51  3:43  Overlord  
  51  3:44  Zergling x2  
  51  3:46  Zergling x2  
  53  3:58  Ravager  
  54  4:03  Ravager  
  54  4:04  Zergling x2  
  54  4:05  Zergling x8  
  60  4:13  Zergling x4  
  60  4:17  Zergling x2  
  60  4:23  Zergling x2  
  60  4:24  Zergling x10  
  60  4:38  Ravager  
  60  4:39  Ravager  
Show
View Real Time Build Order
Export as new Build Order

LilDicky Terran 

Build Orders: MMM Bio 

Get SALT Encoding   

  12  0:01  SCV  
  13  0:13  SCV  
  14  0:18  Supply Depot  
  14  0:28  SCV  
  15  0:31  Refinery  
  15  0:40  SCV  
  16  0:46  Barracks  
  16  0:52  SCV  
  17  1:09  SCV  
  18  1:21  SCV  
  19  1:33  Marine  
  19  1:34  Supply Depot  
  19  1:36  Orbital Command  
  20  1:44  Barracks  
  20  1:46  Barracks  
  20  1:58  Barracks Tech Lab  
  20  2:02  SCV  
  21  2:14  SCV  
  22  2:17  Marine  
  22  2:18  Stimpack  
  23  2:31  Barracks Tech Lab  
  23  2:32  Barracks Reactor  
  23  2:36  Supply Depot, Marine  
  24  2:45  SCV  
  24  2:47  Supply Depot  
  24  2:49  Marine  
  24  2:50  Combat Shields  
  26  2:53  Marine  
  27  3:07  SCV, Marine  
  27  3:08  Marine  
  27  3:09  Marine  
  27  3:12  Marauder  
  33  3:25  Marauder  
  35  3:27  Marine  
  35  3:29  Marine  
  35  3:31  SCV  
  35  3:33  Marauder  
  40  3:37  Supply Depot  
  40  3:45  Marine  
  40  3:47  Marauder  
  43  3:55  Marine, Marauder  
  46  4:03  Marine  
Tags
 
Add a new tag
Caveats
  • Supply blocks, unpowered buildings, or Contaminate may cause inaccurate times.
  • Supply counts are checked every 10 seconds.